 Dungeon Crawl Stone Soup version 0.31-a0-981-geadf994542 (webtiles) character file.

Game seed: 1315291336611037036

1976781 MackTheKnife the Crack Shot (level 27, 207/207 HPs)
             Began as a Human Hunter on Oct 31, 2023.
             Was a High Priest of Okawaru.
             Escaped with the Orb
             ... and 3 runes on Nov 1, 2023!
             The game lasted 01:49:57 (48868 turns).

MackTheKnife the Crack Shot (Human Hunter)         Turns: 48868, Time: 01:49:57

Health: 207/207    AC: 24    Str: 16    XL:     27
Magic:  25/25      EV: 45    Int: 19    God:    Okawaru [*****.]
Gold:   7373       SH:  0    Dex: 36    Spells: 23/34 levels left

rFire   + . .        r - +9 longbow (freeze) {bow}
rCold   + . .        (shield currently unavailable)
rNeg    . . .        x - +1 faerie dragon scales {rElec Regen+ rCorr Str-2 Int+3}
rPois   +            s - +1 helmet "Deats" {MP-9 Str+3 Dex+3}
rElec   +            R - +2 cloak {Will+}
rCorr   +            C - +2 pair of gloves {Dex+3}
SInv    +            l - +0 pair of boots "Ugein" {Rampage Drain rElec rPois}
Will    +++++        B - necklace of Bloodlust {Fury *Rage Will++ Int-3 Slay+6}
Stlth   +++          v - ring "Reylaal" {rElec rF+ EV+5 Str+3 Int+3}
HPRegen 1.34/turn    k - ring of Pukk {rElec rC+ Int+6 Slay+2 SInv}
MPRegen 0.19/turn

%: random rage (50%), rampage
@: no status effects
A: frail 1
0: Orb of Zot
}: 3/15 runes: barnacled, silver, gossamer
a: Renounce Religion, Heroism, Finesse, Duel


You escaped.
You worshipped Okawaru.
Okawaru was extremely pleased with you.
You visited 9 branches of the dungeon, and saw 47 of its levels.
You also visited: Sewer, Gauntlet, Ice Cave and Desolation.

You collected 8077 gold pieces.
You spent 704 gold pieces at shops.


Innate Abilities, Weirdness & Mutations

You are frail. (-10% HP)


   Skills:
 - Level 22.0 Fighting
 - Level 22.0 Ranged Weapons
 - Level 19.0 Armour
 - Level 22.0 Dodging
 - Level 16.8 Stealth
 - Level 4.0 Spellcasting
 - Level 8.0 Hexes
 - Level 8.0 Translocations
 + Level 15.7 Invocations
 - Level 8.0 Evocations


You had 23 spell levels left.
You knew the following spells:

 Your Spells              Type           Power      Damage    Failure   Level
a - Dimensional Bullseye  Hex/Tloc       17%        N/A       6%          4
b - Blink                 Tloc           68%        N/A       1%          2
c - Apportation           Tloc           68%        N/A       1%          1
d - Passage of Golubria   Tloc           34%        N/A       6%          4

Your spell library contained the following spells:

 Spells                   Type           Power      Damage    Failure   Level
 Slow                     Hex            100%       N/A       1%          1
 Jinxbite                 Hex            68%        N/A       1%          2
 Lesser Beckoning         Tloc           68%        N/A       1%          2
 Confusing Touch          Hex            34%        N/A       1%          3
 Gell's Gravitas          Tloc           34%        N/A       1%          3
 Sigil of Binding         Hex            34%        N/A       1%          3
 Teleport Other           Tloc           34%        N/A       1%          3
 Ensorcelled Hibernation  Hex/Ice        38%        N/A       4%          2
 Momentum Strike          Conj/Tloc      38%        3d9       4%          2
 Cause Fear               Hex            17%        N/A       6%          4
 Manifold Assault         Tloc           34%        N/A       6%          4
 Dazzling Flash           Conj/Hex       38%        N/A       10%         3
 Inner Flame              Hex/Fire       19%        N/A       10%         3
 Volatile Blastmotes      Fire/Tloc      38%        2d13      10%         3
 Foxfire                  Conj/Fire      12%        2x1d4     16%         1
 Freeze                   Ice            12%        1d3       16%         1
 Kiss of Death            Conj/Necr      12%        2d6       16%         1
 Magic Dart               Conj           12%        1d3       16%         1
 Necrotise                Necr           12%        1d4       16%         1
 Shock                    Conj/Air       12%        1d3       16%         1
 Cigotuvi's Dreadful Rot  Necr/Pois/Air  6%         N/A       24%         2
 Poisonous Vapours        Pois/Air       6%         N/A       24%         2
 Scorch                   Fire           6%         2d5       24%         2
 Static Discharge         Conj/Air       6%         3-4/arc   24%         2
 Sublimation of Blood     Necr           3%         N/A       24%         2
 Anguish                  Hex/Necr       9%         N/A       30%         4
 Iskenderun's Mystic Bla  Conj/Tloc      19%        2d6       30%         4
 Leda's Liquefaction      Hex/Erth       9%         N/A       30%         4
 Vhi's Electric Charge    Tloc/Air       38%        N/A       30%         4
 Frozen Ramparts          Ice            6%         1d1       43%         3
 Hailstorm                Conj/Ice       3%         3d3       43%         3
 Ignite Poison            Fire/Tmut/Pois 3%         N/A       43%         3
 Mephitic Cloud           Conj/Pois/Air  3%         N/A       43%         3
 Ozocubu's Armour         Ice            3%         N/A       43%         3
 Stone Arrow              Conj/Erth      6%         3d7       43%         3
 Swiftness                Air            3%         N/A       43%         3
 Vampiric Draining        Necr           3%         2d6       43%         3
 Yara's Violent Unravell  Hex/Tmut       9%         3d6       65%         5
 Dispersal                Tloc           17%        N/A       67%         6
 Airstrike                Air            1%         2d(1-17)  85%         4
 Dispel Undead            Necr           3%         3d7       85%         4
 Flame Wave               Conj/Fire      3%         2d5       85%         4
 Petrify                  Tmut/Erth      3%         N/A       85%         4
 Sticky Flame             Conj/Fire      3%         2d3       85%         4
 Agony                    Necr           3%         N/A       99%         5
 Alistair's Intoxication  Tmut/Pois      2%         N/A       99%         5
 Arcjolt                  Conj/Air       1%         1d11      99%         5
 Borgnjor's Vile Clutch   Necr/Erth      1%         N/A       99%         5
 Fireball                 Conj/Fire      1%         3d3       99%         5
 Freezing Cloud           Conj/Ice/Air   1%         6-21      99%         5
 Irradiate                Conj/Tmut      1%         3d12      99%         5
 Lee's Rapid Deconstruct  Erth           1%         3d4*      99%         5
 Enfeeble                 Hex            17%        N/A       99%         7
 Bombard                  Conj/Erth      1%         9d1       100%        6
 Conjure Ball Lightning   Conj/Air       1%         3x3d6     100%        6
 Eringya's Noxious Bog    Tmut/Pois      1%         4d6       100%        6
 Plasma Beam              Fire/Air       1%         2x1d11    100%        6
 Starburst                Conj/Fire      1%         6d3       100%        6
 Ozocubu's Refrigeration  Ice            1%         4d7       100%        7
 Borgnjor's Revivificati  Necr           1%         N/A       100%        8
 Disjunction              Tloc           17%        N/A       100%        8
 Ignition                 Fire           1%         3d3       100%        8
 Lehudib's Crystal Spear  Conj/Erth      1%         10d2      100%        8
 Maxwell's Capacitive Co  Air            1%         ∞         100%        8
 Polar Vortex             Ice            1%         N/A       100%        9
 Tukima's Dance           Hex            Unusable   N/A       N/A         3
 Summon Guardian Golem    Hex/Summ       Unusable   N/A       N/A         3
 Summon Small Mammal      Summ           Unusable   N/A       N/A         1
 Call Imp                 Summ           Unusable   N/A       N/A         2
 Call Canine Familiar     Summ           Unusable   N/A       N/A         3
 Summon Forest            Summ/Tloc      Unusable   N/A       N/A         5
 Summon Mana Viper        Hex/Summ       Unusable   N/A       N/A         5
 Animate Armour           Summ/Erth      Unusable   N/A       N/A         4
 Animate Dead             Necr           Unusable   N/A       N/A         4
 Summon Ice Beast         Ice/Summ       Unusable   N/A       N/A         4
 Summon Lightning Spire   Summ/Air       Unusable   N/A       N/A         4
 Death Channel            Necr           Unusable   N/A       N/A         6
 Simulacrum               Ice/Necr       Unusable   N/A       N/A         6
 Summon Cactus Giant      Summ           Unusable   N/A       N/A         6
 Haunt                    Necr/Summ      Unusable   N/A       N/A         7
 Monstrous Menagerie      Summ           Unusable   N/A       N/A         7
 Spellforged Servitor     Conj/Summ      Unusable   N/A       N/A         7
 Summon Hydra             Summ           Unusable   N/A       N/A         7
 Infestation              Necr           Unusable   N/A       N/A         8
 Dragon's Call            Summ           Unusable   N/A       N/A         9

Inventory:

Hand Weapons
 e - the +1 dagger "Corairpheara" {pain, rF+, short}
   (You found it on level 4 of the Depths)

   rF+:       It protects you from fire.
 r - a +9 longbow of freezing (weapon) {bow}
   (Okawaru gifted it to you on level 2 of the Lair of Beasts)
Armour
 a - quicksilver dragon scales {rare}
   (You found it on level 5 of the Vaults)
 l - the +0 pair of boots "Ugein" (worn) {Rampage Drain rElec rPois}
   (You bought it in a shop on level 3 of the Shoals)

   rElec:     It insulates you from electricity.
   rPois:     It protects you from poison Drain: It drains your maximum health
   when unequipped.
   Rampage:   It bestows one free step when moving towards enemies.
 s - the +1 helmet "Deats" (worn) {MP-9 Str+3 Dex+3}
   (You acquired it on level 2 of the Depths)

   Str+3:     It affects your strength (+3).
   Dex+3:     It affects your dexterity (+3).
   MP-9:      It affects your magic capacity (-9).
 x - the +1 faerie dragon scales (worn) {rElec Regen+ rCorr Str-2 Int+3}
   (You took it off the Enchantress on level 2 of the Depths)

   Str-2:     It affects your strength (-2).
   Int+3:     It affects your intelligence (+3).
   rElec:     It insulates you from electricity.
   Regen+:    It increases your rate of health regeneration.
   rCorr:     It protects you from acid and corrosion.
 C - a +2 pair of gloves of dexterity (worn)
   (You found it on level 3 of the Depths)
 R - a +2 cloak of willpower (worn)
   (You found it on level 5 of the Lair of Beasts)
Jewellery
 k - the ring of Pukk (right hand) {rElec rC+ Int+6 Slay+2 SInv}
   (You took it off a deep elf annihilator on level 3 of the Elven Halls)

   [ring of intelligence]

   Int+6:     It affects your intelligence (+6).
   Slay+2:    It affects your accuracy & damage with ranged weapons and melee
   (+2).
   rC+:       It protects you from cold.
   rElec:     It insulates you from electricity.
   SInv:      It lets you see invisible.
 v - the ring "Reylaal" (left hand) {rElec rF+ EV+5 Str+3 Int+3}
   (You took it off a deep elf annihilator on level 3 of the Elven Halls)

   [ring of evasion]

   EV+5:      It affects your evasion (+5).
   Str+3:     It affects your strength (+3).
   Int+3:     It affects your intelligence (+3).
   rF+:       It protects you from fire.
   rElec:     It insulates you from electricity.
 B - the necklace of Bloodlust (around neck) {Fury *Rage Will++ Int-3 Slay+6}
   (You took it off a deep elf sorcerer on level 3 of the Elven Halls)

   [amulet of nothing]

   Fury:      It extends the wearer's berserk rage when killing foes.
   Int-3:     It affects your intelligence (-3).
   Slay+6:    It affects your accuracy & damage with ranged weapons and melee
   (+6).
   Will++:    It greatly increases your willpower.
   *Rage:     It berserks you when you make melee attacks (+50% chance).
 J - a ring of flight
   (You found it on level 2 of the Lair of Beasts)
Wands
 i - a wand of quicksilver (52)
   (You found it on level 2 of the Dungeon)
 t - a wand of iceblast (63)
   (You found it on level 3 of the Lair of Beasts)
Scrolls
 d - 10 scrolls of amnesia
 h - 7 scrolls of vulnerability {!r!r}
 m - 11 scrolls of teleportation {@r4}
 n - 3 scrolls of enchant weapon
 p - 4 scrolls of blinking {!r}
 y - 2 scrolls of silence {!r}
 D - 9 scrolls of poison
 E - 7 scrolls of brand weapon
 G - 7 scrolls of fog
 M - 5 scrolls of fear
 O - a scroll of revelation
 W - 5 scrolls of immolation {!r!r}
Potions
 f - 9 potions of mutation {!q}
 g - 15 potions of heal wounds {@q2}
 j - 20 potions of curing {@q1}
 u - 4 potions of invisibility
 w - 9 potions of resistance
 z - a potion of magic
 A - 14 potions of ambrosia
 H - 5 potions of enlightenment
 Q - 7 potions of haste {@q3}
 T - 3 potions of cancellation
Miscellaneous
 b - a tin of tremorstones (2/2) {throwing}
   (You found it on level 4 of the Shoals)
 o - a lightning rod (4/4)
   (You found it on level 5 of the Vaults)
 X - a phial of floods
   (You found it on level 1 of the Shoals)

Dungeon Overview and Level Annotations

Branches:
Dungeon (15/15)            Temple (0/1) D:6            Lair (5/5) D:9
 Shoals (4/4) Lair:3       Spider (4/4) Lair:3        Slime (0/5) Lair:4
    Orc (2/2) D:9             Elf (3/3) Orc:2        Vaults (5/5) D:13
  Crypt (0/3) Vaults:2     Depths (4/4) D:15            Zot (5/5) Depths:4
  Sewer (visited)           IceCv (visited)         Desolation (visited)
Gauntlet (visited)

Altars:
Cheibriados
Dithmenos
Elyvilon
Fedhas
Gozag
Hepliaklqana
Makhleb
Nemelex Xobeh
Okawaru
Qazlal
Sif Muna
Uskayaw
Vehumet
Wu Jian
Xom
Yredelemnul

Shops:
D:3 [   D:4 =*   D:6 (   D:9 (   D:15 :   Orc:2 :[*:(   Elf:2 =   Shoals:3 [
Vaults:2 [   Vaults:3 (   Vaults:4 (

Portals:
Hell: Depths:1 Depths:2 Depths:3 Depths:4
Abyss: Depths:1 Depths:2 Depths:3 Depths:4
Pandemonium: Depths:2 Depths:3 Depths:4
Trove: D:15 (give 17 potions of curing)

Annotations:
D:2 1 runed translucent door, Crazy Yiuf
D:6 exclusion: downstairs
D:9 2 runed translucent doors, eyesofgods1's ghost, novice DsGl
D:11 3 runed translucent doors, exclusion: obsidian statue, Pi314's ghost, journeyman DrCj
D:14 3 runed translucent doors, Anay's ghost, journeyman FoFi
Shoals:2 3 runed translucent doors, Kischierch's ghost, adept OpHs
Orc:2 Donald
Elf:2 3 runed translucent doors
Depths:1 exclusions: glass eye and 4 more exclusions
Zot:5 exclusions: 3 upstairs and 1 more exclusion

## #. ###.
###############...
#.............>.##
#..#..#..#..#...#
#...............#
#...............#
#@............>.#
#...............#
#...............#
#..#..#..#..#..##
#.............>#
################


There were no monsters in sight!


Message History

😎 MP[-2]
You lost 2 mp, and now have 18/25 mp.
You shoot an arrow. The arrow hits the hell hound!!!
The arrow freezes the hell hound!!
You kill the hell hound!
Okawaru accepts your kill.
You shoot an arrow. The arrow hits the balrug!!
The arrow freezes the balrug!
You shoot an arrow. The arrow barely misses the balrug.
You shoot an arrow. The arrow hits the balrug!!
The arrow freezes the balrug!!
You kill the balrug!
Okawaru accepts your kill.
Nerchue gestures.
Nerchue flickers and vanishes for a moment.
Press: ? - help, v - describe, . - travel
Here: Nerchue (slightly transparent)
The floor.
Unknown command.
Unknown command.
You shoot an arrow.
The arrow completely misses the orange demon.
You shoot an arrow.
The arrow barely misses the orange demon. 😎 MP[+1]
You shoot an arrow. The arrow hits the orange demon!!!
The arrow freezes the orange demon.
You shoot an arrow. The arrow hits the orange demon!!
The arrow freezes the orange demon.
You kill the orange demon!
Okawaru accepts your kill.
You shoot an arrow. The arrow hits the rust devil.
The arrow freezes the rust devil.
You shoot an arrow. The arrow hits the rust devil.
The arrow freezes the rust devil.
You shoot an arrow. The arrow barely misses the rust devil.
You shoot an arrow. The arrow hits the rust devil.
You shoot an arrow. The arrow hits the rust devil!
The arrow freezes the rust devil.
You shoot an arrow. The arrow hits the rust devil!!!
The arrow freezes the rust devil.
You kill the rust devil!
Okawaru accepts your kill.
You shoot an arrow. The arrow hits Nerchue!!!
The arrow freezes Nerchue.
You shoot an arrow. The arrow hits Nerchue!
The arrow freezes Nerchue.
You shoot an arrow. The arrow hits Nerchue!!!
You shoot an arrow. The arrow hits Nerchue!!
The arrow freezes Nerchue.
You shoot an arrow. The arrow hits Nerchue!!!
The arrow freezes Nerchue.
You kill Nerchue!
Okawaru accepts your kill.
No target in view!
No target in view!
What level of the Dungeon? (default 1, ? - help)
There is a stone staircase leading up here.
You climb upwards.
There is a stone staircase leading down here.
You see here a +0 flail {mace}.
An orc comes into view.
It is wielding a +0 short sword. 😎 MP[+4]
You regained 4 mp, and now have 23/25 mp.
A tormentor comes into view.
There is a stone staircase leading up here.
You climb upwards.
There is a stone staircase leading down here.
Unknown command. 😎 MP[+1] Unknown command.
What level of the Dungeon? (default 1, ? - help)
There is a stone staircase leading up here.
You climb upwards.
There is a stone staircase leading down, spattered with blood here.
There is a stone staircase leading up here.
You climb upwards.
Level annotation: 1 runed translucent door, Crazy Yiuf
There is a stone staircase leading down here.
There is a stone staircase leading up here.
You climb upwards.
There is a stone staircase leading down here. 😎 MP[+1]
Your mp is fully restored (25).
There is an open door here.
Your hands slow down.
A golden eye comes into view.
You shoot an arrow.
The golden eye turns its gaze towards you.
The arrow hits the golden eye!!!
The arrow freezes the golden eye.
You kill the golden eye!
Okawaru accepts your kill.
No target in view!
No target in view!
You feel like a meek peon again.
An Orb Guardian comes into view.
There is a staircase leading out of the dungeon here.
You shoot an arrow. The arrow hits the Orb Guardian!!
The arrow freezes the Orb Guardian!
You shoot an arrow. The arrow hits the Orb Guardian!!!
The arrow freezes the Orb Guardian.
You kill the Orb Guardian!
Okawaru accepts your kill.
No target in view!
No target in view!
You have escaped!

Skill      XL: |  1  2  3  4  5  6  7  8  9 10 11 12 13 14 15 16 17 18 19 20 21 22 23 24 25 26 27 |
---------------+----------------------------------------------------------------------------------+-----
Stealth        | 2 8 12 16 | 16.8
Ranged Weapons | 5 6 7 8 10 11 12 15 17 19 20 22 | 22.0
Fighting       | 5 7 9 10 12 14 15 17 18 20 21 22 | 22.0
Dodging        | 6 10 12 14 15 17 18 20 21 22 | 22.0
Invocations    | 5 8 15 | 15.7
Armour         | 5 8 10 15 19 | 19.0
Evocations     | 6 8 |  8.0
Translocations | 3 8 |  8.0
Hexes          | 3 8 |  8.0
Spellcasting   | 3 4 |  4.0

Action                     |  1- 3 |  4- 6 |  7- 9 | 10-12 | 13-15 | 16-18 | 19-21 | 22-24 | 25-27 || total
---------------------------+-------+-------+-------+-------+-------+-------+-------+-------+-------++-------
   Fire: Shortbow          |    69 |   195 |   334 |   385 |       |       |       |       |       ||   983
         Orcbow            |       |       |       |   233 |       |       |       |       |       ||   233
         Longbow           |       |       |       |     6 |   725 |   777 |  1049 |  1090 |  1288 ||  4935
  Throw: Dart              |       |     1 |       |       |       |       |       |       |       ||     1
   Cast: Dimensional Bulls |       |       |       |       |       |       |       |     2 |     3 ||     5
         Blink             |       |       |       |       |       |       |       |     1 |     1 ||     2
 Invoke: Heroism           |       |       |       |     2 |     6 |     8 |     6 |     7 |    14 ||    43
         Finesse           |       |       |       |     1 |    15 |    12 |     7 |    14 |    15 ||    64
         Receive Weapon    |       |       |       |     1 |       |       |       |       |       ||     1
         Receive Armour    |       |       |       |     1 |       |       |       |       |       ||     1
  Evoke: Wand              |     3 |     1 |     4 |     6 |     5 |     2 |     2 |     2 |       ||    25
    Use: Scroll            |       |     3 |     6 |     7 |    19 |    11 |     7 |     5 |     9 ||    67
         Potion            |       |     2 |       |     1 |       |     1 |       |       |     5 ||     9
 Armour: Leather armour    |    20 |    53 |    64 |    48 |     4 |    62 |    88 |    80 |     1 ||   420
         Steam dragon scal |       |       |       |    72 |    50 |       |       |       |       ||   122
         Acid dragon scale |       |       |       |       |       |       |       |       |   115 ||   115
  Dodge: Dodged            |    18 |    47 |    66 |    82 |    86 |   127 |   247 |   217 |   490 ||  1380

Levels and vault maps discovered:
D:1:      lemuel_arrival_broad_hall, layout_basic, st_stairs_6
D:2:      layout_rooms, uniq_crazy_yiuf_cottage
D:3:      layout_rooms, mainiacjoe_overflow_boulevard, serial_shops, shop,
          serial_bayou_lagoon_b
D:4:      layout_layer_cave, nicolae_elyvilon_peaceful_grove,
          lemuel_crystal_altar, vehumet_statue, serial_shops,
          nicolae_shop_drivethru, nicolae_inconvenience_store,
          nicolae_elevator_lobby_asterisk
D:5:      layout_gridville, xom_confusion_cloud, portal_sewer_entry_f,
          serial_park_tiny_2
D:6:      layout_basic, nicolae_dithmenos_the_darkroom,
          minmay_temple_entry_tees, serial_shops, nicolae_shop_peninsula
D:7:      layout_basic, gammafunk_temple_overflow_claw,
          yredelemnul_altar_generic, serial_bayou_pond_d, uniq_prince_ribbit1,
          uniq_jeremiah
D:8:      layout_loops_ring, fedhas_altar_decomposition
D:9:      layout_roguey, mainiacjoe_overflow_cross_hatched, dpeg_lair_monsters,
          david_orc_4, gammafunk_ghost_nasty_kobolds, serial_shops,
          nicolae_stop_n_shop_1
D:10:     layout_loops_ring, nicolae_overflow_crystal_walls
D:11:     layout_cave_pods, ebering_ghost_gozag, uniq_erolcha
D:12:     layout_rooms, serial_rivers, chequers_serial_rivers_micro_a,
          chequers_serial_rivers_large_a, chequers_serial_rivers_marsh,
          chequers_serial_rivers_marsh, chequers_serial_rivers_small_3,
          chequers_serial_rivers_small_b
D:13:     layout_loops_ring, erik_vaults_2, gauntlet_entry_generic
D:14:     layout_loops_cross, gammafunk_ghost_necromancy, minmay_pinched_square
D:15:     gammafunk_depths_entry_grave, layout_loops_ring,
          chequers_serial_rivers_micro_c, serial_shops, nicolae_shop_waterfront,
          nicolae_trove_entry_crystal
Lair:1:   layout_regular_city, hellmonk_ghost_happy_afterlife,
          lemuel_fruit_tree, grunt_megastairs_2, uniq_maggie
Lair:2:   layout_long_grid, serial_bayou_pond_b
Lair:3:   layout_roguey [special_room_bee], elwin_shoals_entry_stream,
          spider_nest_entry_funnel_web, hangedman_lair_generics_rect
Lair:4:   layout_misc_corridors, slime_entry_1, basic_altar, grunt_megastairs_1
Lair:5:   hangedman_lair_tendril_chambers, layout_regular_city,
          portal_ice_cave_demonic_guard, grunt_forest_small_clearings,
          fungi_pond_lemuel, minmay_lair_drake_nest
Shoals:1: layout_shoals
Shoals:2: nzn_motion_control, layout_shoals, ebering_ghost_rock_garden
Shoals:3: layout_shoals, serial_shops, nicolae_shop_peninsula, uniq_jorgrun
Shoals:4: shoals_end_simple, layout_shoals, uniq_aizul, uniq_louise, uniq_nikola
Spider:1: layout_spider_delve, guppyfry_spider_mini_3, uniq_kirke
Spider:2: layout_spider_delve, nicolae_spider_checkerboard,
          nicolae_spider_cling_halls
Spider:3: nicolae_spider_hilbert_zone_2 [nicolae_spider_hilbert_4_sides_1_open,
          nicolae_spider_hilbert_4_sides_1_open,
          nicolae_spider_hilbert_4_sides_1_open,
          nicolae_spider_hilbert_4_sides_1_open,
          nicolae_spider_hilbert_6_sides_1_open,
          nicolae_spider_hilbert_6_sides_1_open,
          nicolae_spider_hilbert_3_sides_1_open,
          nicolae_spider_hilbert_3_sides_1_open,
          nicolae_spider_hilbert_3_sides_1_open,
          nicolae_spider_hilbert_3_sides_1_open,
          nicolae_spider_hilbert_6_sides_1_open,
          nicolae_spider_hilbert_6_sides_1_open,
          nicolae_spider_hilbert_6_sides_1_open,
          nicolae_spider_hilbert_6_sides_1_open], drop_trap
Spider:4: spider_rune_water
Orc:1:    layout_caves, hangedman_feature_mirror, bloody_makhleb
Orc:2:    grunt_orc_gardens, layout_caves, grunt_orc_garden, grunt_orc_garden,
          grunt_orc_garden, grunt_orc_garden, nicolae_shop_self_help,
          uniq_josephine, uniq_donald
Elf:1:    elf_arrival_002, layout_loops_ring, basic_altar,
          hangedman_elf_disciples
Elf:2:    nicolae_elf_blades_splatter_lattice [nicolae_blade_entry_antechamber],
          layout_geoelf_octagon, serial_shops, nicolae_shop_stone,
          uniq_asterion, uniq_azrael
Elf:3:    minmay_elf_hall_curves, layout_onion_city,
          serial_sigils_hangedman_carve, minivault_14, minmay_misc_feat_rows,
          uniq_bai_suzhen
Vaults:1: portal_desolation_entry_ruin, st_cross, hangedman_vaults_unwind,
          hangedman_vaults_slice, vaults_room_door_hall,
          ontoclasm_vaults_misaligned, nicolae_vaults_closet_pinwheel_4,
          nicolae_vaults_heart-shaped_vault, v_alt_pattern_6,
          layout_vaults_quadrants
Vaults:2: minmay_crypt_entry_simple_box, hangedman_vaults_pinch,
          nicolae_vaults_network_quinsquares
          [nicolae_vaults_network_quincunx_subvault,
          nicolae_vaults_network_quincunx_subvault,
          nicolae_vaults_network_quincunx_subvault,
          nicolae_vaults_network_quincunx_subvault], vaults_room_octagon,
          nicolae_vaults_steering_wheel, nicolae_vaults_sightless_eye,
          hangedman_vaults_river_flow, nicolae_vaults_rhombus_6,
          nicolae_vaults_murderbox, nicolae_vaults_diagonal_hallway_7,
          nicolae_vaults_mini_display_case, layout_vaults_big_room,
          serial_shops, shop
Vaults:3: vaults_room_mumra_shop_pool, vaults_standard_mumra_x,
          vaults_mumra_hexcomb, nicolae_vaults_network_s, v_misc_27,
          vaults_dpeg_ring, vaults_room_large_hall,
          nicolae_vaults_closet_pinwheel_5, grunt_vaults_hallway_short,
          ontoclasm_vaults_gateway, v_alt_pattern_4,
          nicolae_vaults_storing_the_good_stuff, layout_vaults_ring
Vaults:4: hangedman_vaults_snaps, nicolae_vaults_shrinking_rooms_1,
          dpeg_vaults_waves, nicolae_vaults_trapezoid_4,
          nicolae_vaults_diagonal_hallway_6, nicolae_vaults_storage_closets_1,
          v_misc_29, vaults_room_ringed_pool, v_misc_10, layout_vaults_omnibox,
          serial_shops, nicolae_shop_overgrown_old_shop, uniq_norris
Vaults:5
Depths:1: layout_basic, enter_ziggurat_d, abyss_entry,
          nicolae_wu_jian_wuxing_cycle, hell_entry,
          nicolae_shop_i_like_small_books_too, nicolae_qazlal_general_emergency
Depths:2: minmay_crescents, layout_gridville, rand_demon_pan_entry_3,
          abyss_entry, hell_entry, nicolae_uskayaw_murder_on_the_dancefloor,
          uniq_enchantress
Depths:3: box_level_dp, hell_entry, pan_entry, abyss_entry
Depths:4: grunt_zot_entry_bicorn, layout_gridville, abyss_entry,
          pf_hell_entry_tar_river, grunt_pan_entry_zigzag,
          nemelex_diamond_rough_becter, kennysheep_random_hallway
Zot:1:    layout_onion_interference, regret_index_zotdec_fiery_em, st_stairs_14
Zot:2:    nicolae_zot_stationary_front, layout_basic,
          regret_index_zotdec_bone_old, grunt_ministairs_6,
          nicolae_diode_intersection
Zot:3:    layout_basic, regret_index_zotdec_tunneler, grunt_ministairs_15
Zot:4:    layout_basic, regret_index_zotdec_onion_hex,
          nicolae_transporter_circle
Zot:5:    layout_concentric_octagons, grunt_ministairs_13

Notes
Turn   | Place    | Note
-------+----------+-------------------------------------------
     0 | D:1      | MackTheKnife the Human Hunter began the quest for the Orb.
     0 | D:1      | Reached XP level 1. HP: 16/16 MP: 1/1
     0 | D:1      | magus.rc [v1.9.6]
   227 | D:1      | Reached XP level 2. HP: 17/22 MP: 2/2
   340 | D:1      | You pick up a book of Flames and begin reading...
   340 | D:1      | You add the spells Inner Flame, Sticky Flame and Flame Wave
                  | to your library.
   462 | D:1      | Reached skill level 2 in Stealth
   482 | D:1      | Reached XP level 3. HP: 24/27 MP: 3/3
   967 | D:2      | Reached skill level 5 in Ranged Weapons
   967 | D:2      | Reached XP level 4. HP: 18/33 MP: 4/4
  1232 | D:2      | You pick up a book of Minor Magic and begin reading...
  1232 | D:2      | You add the spells Magic Dart, Call Imp and Mephitic Cloud
                  | to your library.
  1285 | D:2      | You pick up a book of Party Tricks and begin reading...
  1285 | D:2      | You add the spells Apportation, Jinxbite and Alistair's
                  | Intoxication to your library.
  1294 | D:2      | You pick up a book of Ice and begin reading...
  1294 | D:2      | You add the spells Simulacrum, Ozocubu's Refrigeration and
                  | Polar Vortex to your library.
  1369 | D:2      | Found a runed translucent door.
  1369 | D:2      | Found the +6 shillelagh "Devastator" {shatter}
  1370 | D:2      | Noticed Crazy Yiuf
  1806 | D:3      | Reached XP level 5. HP: 38/38 MP: 5/5
  1828 | D:3      | Found Etymiozir's Antique Armour Emporium.
  2014 | D:3      | Found a shimmering blue altar of Sif Muna.
  2092 | D:3      | You pick up a book of Displacement and begin reading...
  2092 | D:3      | You add the spells Lesser Beckoning, Gell's Gravitas and
                  | Teleport Other to your library.
  2181 | D:4      | Reached skill level 6 in Ranged Weapons
  2332 | D:4      | Found a radiant altar of Vehumet.
  2333 | D:4      | Noticed a charred statue
  2346 | D:4      | Reached XP level 6. HP: 29/44 MP: 6/6
  2570 | D:4      | Found a transporter.
  2575 | D:4      | Found Niah's Jewellery Shoppe.
  2668 | D:4      | Noticed an ogre
  2776 | D:3      | HP: 11/44 [poisoned by a scorpion]
  2781 | D:3      | Reached skill level 7 in Ranged Weapons
  3001 | D:4      | Found a transporter.
  3030 | D:4      | Killed an ogre
  3031 | D:4      | Reached XP level 7. HP: 50/50 MP: 7/7
  3147 | D:4      | Found Zaicker's Assorted Antiques.
  3165 | D:4      | Reached skill level 8 in Ranged Weapons
  3400 | D:4      | Bought a wavering copper amulet for 110 gold pieces
  3400 | D:4      | Identified the amulet of Xihahiwk {RegenMP Harm Regen+
                  | Str+3 Slay+6} (You bought it in a shop on level 4 of the
                  | Dungeon)
  3881 | D:4      | Found an iron altar of Okawaru.
  3967 | D:4      | Became a worshipper of Warmaster Okawaru
  4011 | D:4      | Found a white marble altar of Elyvilon.
  4440 | D:4      | Bought a golden potion for 19 gold pieces
  4440 | D:4      | Bought a scroll labelled LUWALLUDITT for 22 gold pieces
  4613 | D:5      | Entered Level 5 of the Dungeon
  4905 | D:5      | Found a shimmering altar of Xom.
  4917 | D:5      | Reached XP level 8. HP: 50/57 MP: 8/8
  4921 | D:5      | Reached skill level 3 in Fighting
  4921 | D:5      | Reached skill level 9 in Ranged Weapons
  4932 | D:5      | Reached * piety under Okawaru
  5095 | D:5      | Found a glowing drain.
  5111 | Sewer    | Entered a sewer
  5221 | Sewer    | Found a viscous altar of Jiyva.
  5370 | D:5      | Reached skill level 4 in Fighting
  5849 | D:5      | You add the spells Cigotuvi's Dreadful Rot, Ignite Poison
                  | and Freezing Cloud to your library.
  5888 | D:5      | You pick up a book of Air and begin reading...
  5888 | D:5      | You add the spells Shock, Swiftness and Airstrike to your
                  | library.
  6118 | D:6      | You pick up a book of Decay and begin reading...
  6171 | D:6      | Reached skill level 5 in Fighting
  6206 | D:6      | Found a staircase to the Ecumenical Temple.
  6223 | D:6      | Reached skill level 10 in Ranged Weapons
  6223 | D:6      | Reached XP level 9. HP: 51/68 MP: 9/9
  6311 | D:6      | Reached ** piety under Okawaru
  6410 | D:6      | Reached skill level 6 in Fighting
  6520 | D:6      | Found a shadowy altar of Dithmenos.
  7004 | D:6      | Found Vumoh's Antique Weapon Shoppe.
  7230 | D:7      | Noticed Jeremiah
  7438 | D:6      | Reached skill level 7 in Fighting
  7438 | D:6      | Reached skill level 11 in Ranged Weapons
  7547 | D:6      | Reached *** piety under Okawaru
  7613 | D:7      | Found an ornate altar of the Wu Jian Council.
  7613 | D:7      | Found an opulent altar of Gozag.
  7616 | D:7      | Found a hazy altar of Hepliaklqana.
  7730 | D:7      | Reached XP level 10. HP: 80/80 MP: 10/10
  7837 | D:7      | Reached skill level 8 in Fighting
  7846 | D:6      | Killed Jeremiah
  7846 | D:6      | Reached **** piety under Okawaru
  7929 | D:7      | You pick up a book of Alchemy and begin reading...
  7929 | D:7      | You add the spells Sublimation of Blood, Petrify and
                  | Irradiate to your library.
  7945 | D:7      | Found a basalt altar of Yredelemnul.
  8042 | D:7      | Noticed Prince Ribbit
  8050 | D:7      | Killed Prince Ribbit
  8051 | D:7      | Reached skill level 12 in Ranged Weapons
  8196 | D:8      | You pick up a book of Frost and begin reading...
  8196 | D:8      | You add the spells Freeze, Frozen Ramparts and Hailstorm to
                  | your library.
  8308 | D:8      | Reached skill level 9 in Fighting
  8852 | D:8      | Reached ***** piety under Okawaru
  8855 | D:8      | Found a blossoming altar of Fedhas.
  8980 | D:9      | Noticed a kobold demonologist
  9004 | D:9      | Received a gift from Okawaru
  9005 | D:9      | Reached XP level 11. HP: 90/90 MP: 11/11
  9035 | D:9      | Found Unezasu's Antique Weapon Shoppe.
  9039 | D:9      | Reached skill level 10 in Fighting
  9052 | D:9      | Found a snail-covered altar of Cheibriados.
  9102 | D:9      | Noticed a death yak
  9108 | D:9      | Noticed a death yak
  9110 | D:9      | Noticed a death yak
  9118 | D:9      | Killed a death yak
  9119 | D:9      | Reached skill level 13 in Ranged Weapons
  9170 | D:9      | Found a staircase to the Lair.
  9259 | D:9      | You pick up a book of Displacement and begin reading...
  9550 | D:9      | Reached skill level 14 in Ranged Weapons
  9579 | D:9      | Found a staircase to the Orcish Mines.
  9674 | D:10     | Entered Level 10 of the Dungeon
  9758 | D:10     | Found a stormy altar of Qazlal.
  9921 | D:9      | Noticed eyesofgods1's ghost (novice DsGl)
  9921 | D:9      | Found a runed translucent gate.
  9921 | D:9      | Found a runed translucent gate.
 10175 | D:10     | Reached skill level 15 in Ranged Weapons
 10497 | Lair:1   | Entered Level 1 of the Lair of Beasts
 10526 | Lair:1   | Found a runed translucent door.
 10526 | Lair:1   | Noticed Crescendo's ghost (journeyman DsMo)
 10625 | Lair:1   | Noticed a death yak
 10648 | Lair:1   | Noticed Maggie
 10651 | Lair:1   | Killed Maggie
 10702 | Lair:1   | You pick up a book of Touch and begin reading...
 10702 | Lair:1   | You add the spells Kiss of Death and Confusing Touch to
                  | your library.
 10754 | Lair:1   | Received a gift from Okawaru
 11022 | Lair:1   | Noticed a death yak
 11087 | Lair:2   | Reached XP level 12. HP: 97/97 MP: 12/12
 11166 | Lair:2   | Reached skill level 16 in Ranged Weapons
 11342 | Lair:2   | You pick up a book of Ice and begin reading...
 11543 | Lair:2   | Received a gift from Okawaru
 11642 | Lair:2   | Identified the +8 glaive "Gon Daerau" {flame, rF+ rN+
                  | rCorr}
 11677 | Lair:2   | Reached skill level 17 in Ranged Weapons
 12137 | Lair:3   | magus.rc [v1.9.6]
 12186 | Lair:3   | Reached skill level 3 in Dodging
 12226 | Lair:2   | HP: 20/97 [killer bee (8)]
 12231 | Lair:2   | HP: 20/97 [poisoned by a killer bee]
 12366 | Lair:3   | Reached skill level 4 in Dodging
 12383 | Lair:3   | Reached ****** piety under Okawaru
 12384 | Lair:3   | Reached skill level 5 in Dodging
 12386 | Lair:2   | Acquired a +5 longbow of freezing
 12386 | Lair:2   | Received a gift from Okawaru
 12391 | Lair:2   | Acquired the +0 pair of gloves "Qymnosheri" {Fly rPois
                  | rCorr MP+9}
 12391 | Lair:2   | Received a gift from Okawaru
 12426 | Lair:3   | You pick up a book of Armaments and begin reading...
 12426 | Lair:3   | You add the spells Stone Arrow and Lehudib's Crystal Spear
                  | to your library.
 12433 | Lair:3   | Reached skill level 6 in Dodging
 12433 | Lair:3   | Reached XP level 13. HP: 103/103 MP: 13/13
 12480 | Lair:3   | Received a gift from Okawaru
 12502 | Lair:3   | Found a hole to the Spider Nest.
 12549 | Lair:3   | Reached skill level 7 in Dodging
 12556 | Lair:3   | You pick up a book of Spatial Translocations and begin
                  | reading...
 12556 | Lair:3   | You add the spells Blink and Momentum Strike to your
                  | library.
 12557 | Lair:3   | magus.rc [v1.9.6]
 12824 | Lair:3   | Reached skill level 8 in Dodging
 12837 | Lair:3   | Found a staircase to the Shoals.
 12940 | Lair:3   | Reached skill level 9 in Dodging
 13202 | Lair:3   | Noticed a five-headed hydra
 13348 | Lair:3   | Killed a five-headed hydra
 13348 | Lair:3   | Received a gift from Okawaru
 13352 | Lair:3   | Reached skill level 10 in Dodging
 13541 | Lair:4   | Noticed a catoblepas
 13549 | Lair:4   | Killed a catoblepas
 13552 | Lair:4   | Found an ornate altar of the Wu Jian Council.
 13585 | Lair:4   | Noticed a four-headed hydra
 13587 | Lair:4   | Killed a four-headed hydra
 13588 | Lair:4   | Reached skill level 1 in Invocations
 13626 | Lair:4   | Reached skill level 2 in Invocations
 13805 | Lair:4   | Noticed a five-headed hydra
 13811 | Lair:4   | Killed a five-headed hydra
 13812 | Lair:4   | Reached skill level 3 in Invocations
 13825 | Lair:4   | Found a staircase to the Slime Pits.
 14042 | Lair:4   | Received a gift from Okawaru
 14052 | Lair:4   | Reached skill level 4 in Invocations
 14134 | Lair:4   | Noticed a catoblepas
 14137 | Lair:4   | Killed a catoblepas
 14280 | Lair:5   | Entered Level 5 of the Lair of Beasts
 14450 | Lair:5   | Identified the +0 leather armour of Negation {rElec}
 14463 | Lair:5   | Reached skill level 5 in Invocations
 14467 | Lair:5   | Reached XP level 14. HP: 106/110 MP: 17/17
 14505 | Lair:5   | Reached skill level 18 in Ranged Weapons
 14537 | Lair:5   | Identified the +0 pair of gloves of Sin {+Inv Int+6}
 14583 | Lair:5   | Found a frozen archway.
 14615 | IceCv    | Entered an ice cave
 14617 | IceCv    | Received a gift from Okawaru
 14626 | IceCv    | Reached skill level 6 in Invocations
 14626 | IceCv    | magus.rc [v1.9.6]
 14721 | IceCv    | Reached skill level 7 in Invocations
 14773 | IceCv    | Noticed a frost giant
 15010 | IceCv    | Received a gift from Okawaru
 15031 | IceCv    | Reached skill level 8 in Invocations
 15038 | IceCv    | Killed a frost giant
 15234 | Lair:5   | magus.rc [v1.9.6]
 15258 | Lair:5   | Reached skill level 19 in Ranged Weapons
 15345 | Lair:5   | Received a gift from Okawaru
 15919 | Lair:5   | Identified a scroll of acquirement
 15920 | Lair:5   | Acquired 823 gold pieces
 16245 | Lair:1   | Reached XP level 15. HP: 115/115 MP: 21/21
 16401 | Lair:1   | Killed Crescendo's ghost
 16402 | Lair:1   | Reached skill level 20 in Ranged Weapons
 16476 | Orc:1    | Entered Level 1 of the Orcish Mines
 16560 | Orc:1    | Noticed an orc warlord
 16574 | Orc:1    | Killed an orc warlord
 16716 | Orc:1    | Found a shimmering altar of Xom.
 16849 | Orc:1    | Found a burning altar of Makhleb.
 17098 | Orc:2    | Entered Level 2 of the Orcish Mines
 17108 | Orc:2    | Noticed an orc warlord
 17118 | Orc:2    | Killed an orc warlord
 17139 | Orc:2    | Found Xuigum's Antique Weapon Shop.
 17204 | Orc:2    | Found Boim's Self-Improvement Boutique.
 17204 | Orc:2    | Found Zuvac's Antique Armour Emporium.
 17255 | Orc:2    | Noticed Donald
 17267 | Orc:2    | Noticed Josephine
 17269 | Orc:2    | Killed Josephine
 17273 | Orc:2    | Reached skill level 11 in Fighting
 17273 | Orc:2    | Reached skill level 11 in Dodging
 17276 | Orc:2    | Found Wicreffa's Book Emporium.
 17464 | Orc:2    | Found a staircase to the Elven Halls.
 17509 | Orc:2    | Found Rinkuuma's General Store.
 17637 | Orc:2    | Bought a potion of heal wounds for 75 gold pieces
 17702 | D:9      | magus.rc [v1.9.6]
 17877 | D:11     | Found a runed translucent gate.
 18018 | D:11     | Noticed Erolcha
 18022 | D:11     | Killed Erolcha
 18132 | D:11     | Found a runed translucent gate.
 18132 | D:11     | Found a runed translucent gate.
 18136 | D:11     | Found an opulent altar of Gozag.
 18143 | D:11     | Noticed Pi314's ghost (journeyman DrCj)
 19165 | D:13     | Received a gift from Okawaru
 19180 | D:13     | Found a gate to the Vaults.
 19189 | D:13     | Reached skill level 12 in Fighting
 19189 | D:13     | Reached skill level 12 in Dodging
 19272 | D:13     | Found a gate leading to a gauntlet.
 19280 | Gauntlet | Entered a Gauntlet
 19280 | Gauntlet | Found a transporter.
 19295 | Gauntlet | Found a transporter.
 19310 | Gauntlet | Found a transporter.
 19315 | Gauntlet | Found a transporter.
 19330 | Gauntlet | Found a transporter.
 19349 | Gauntlet | Found a transporter.
 19361 | Gauntlet | Found a transporter.
 19366 | Gauntlet | Found a transporter.
 19368 | Gauntlet | Found a transporter.
 19385 | Gauntlet | Found a transporter.
 19397 | Gauntlet | Found a transporter.
 19402 | Gauntlet | Found a transporter.
 19402 | Gauntlet | Found a transporter.
 19419 | Gauntlet | Found a transporter.
 19436 | Gauntlet | Found a transporter.
 19457 | Gauntlet | Found a transporter.
 19490 | Gauntlet | Found a transporter.
 19559 | Gauntlet | Found a transporter.
 19581 | Gauntlet | Reached XP level 16. HP: 128/128 MP: 22/22
 19631 | Gauntlet | Identified the +0 pair of boots "Luwoep" {rCorr}
 19732 | Gauntlet | You pick up a book of Callings and begin reading...
 19856 | D:13     | You pick up a book of the Warp and begin reading...
 19856 | D:13     | You add the spells Manifold Assault, Dispersal and
                  | Disjunction to your library.
 20531 | D:14     | Reached skill level 13 in Fighting
 20531 | D:14     | Reached skill level 13 in Dodging
 20553 | D:14     | Found a runed translucent gate.
 20553 | D:14     | Found a runed translucent gate.
 20553 | D:14     | Found a runed translucent gate.
 20553 | D:14     | Noticed Anay's ghost (journeyman FoFi)
 20844 | D:14     | Identified the +4 scimitar of Oganuc Zoan {antimagic, Will+
                  | Str+4 SInv}
 21185 | D:4      | Bought a scroll of identify for 44 gold pieces
 21185 | D:4      | Bought a scroll of identify for 44 gold pieces
 21372 | D:15     | Entered Level 15 of the Dungeon
 21390 | D:15     | Found a staircase to the Depths.
 21537 | D:15     | Reached skill level 14 in Fighting
 21537 | D:15     | Reached skill level 14 in Dodging
 21540 | D:15     | Reached skill level 1 in Armour
 21684 | D:15     | Reached skill level 2 in Armour
 21709 | D:15     | Reached skill level 3 in Armour
 21745 | D:15     | Found Fihamin's Book Emporium.
 21814 | D:15     | Received a gift from Okawaru
 21815 | D:15     | Reached skill level 4 in Armour
 21965 | D:15     | Found a portal to a secret trove of treasure.
 22187 | D:4      | Bought a potion of curing for 66 gold pieces
 22664 | Shoals:1 | Entered Level 1 of the Shoals
 22668 | Shoals:1 | Reached skill level 5 in Armour
 22673 | Shoals:1 | Reached XP level 17. HP: 102/139 MP: 23/23
 22773 | Shoals:1 | Reached skill level 6 in Armour
 23211 | Shoals:1 | Reached skill level 3 in Stealth
 23713 | Shoals:2 | Reached skill level 4 in Stealth
 23719 | Shoals:2 | Received a gift from Okawaru
 23720 | Shoals:2 | Reached skill level 7 in Armour
 23722 | Shoals:2 | Found a runed translucent gate.
 23722 | Shoals:2 | Found a runed translucent gate.
 23722 | Shoals:2 | Found a runed translucent gate.
 23722 | Shoals:2 | Noticed Kischierch's ghost (adept OpHs)
 23827 | Shoals:2 | Reached skill level 5 in Stealth
 24123 | Shoals:2 | Reached skill level 8 in Armour
 24125 | Shoals:2 | Reached skill level 6 in Stealth
 24431 | Shoals:2 | Received a gift from Okawaru
 24444 | Shoals:2 | magus.rc [v1.9.6]
 24448 | Shoals:2 | magus.rc [v1.9.6]
 24452 | Shoals:3 | Identified the "Ybaptoane"
 24452 | Shoals:3 | Noticed Jorgrun
 24509 | Shoals:3 | Killed Jorgrun
 24516 | Shoals:3 | Reached skill level 7 in Stealth
 24579 | Shoals:3 | Reached skill level 8 in Stealth
 24582 | Shoals:3 | Identified the staff of Grontol {rPois rF+ Dex+2 Poison}
 24588 | Shoals:3 | Reached skill level 1 in Evocations
 24592 | Shoals:3 | Reached skill level 2 in Evocations
 24729 | Shoals:3 | magus.rc [v1.9.6]
 24965 | Shoals:3 | Reached skill level 3 in Evocations
 25040 | Shoals:3 | Reached skill level 4 in Evocations
 25052 | Shoals:3 | Received a gift from Okawaru
 25062 | Shoals:3 | Found Penab's Armour Shoppe.
 25070 | Shoals:3 | Bought the +0 pair of boots "Ugein" {Rampage Drain rElec
                  | rPois} for 324 gold pieces
 25102 | Shoals:3 | Reached skill level 5 in Evocations
 25265 | Shoals:4 | Identified the "Pyewicet"
 25265 | Shoals:4 | Identified the of Raimo
 25265 | Shoals:4 | Identified the "Niwnohoxt"
 25265 | Shoals:4 | Entered Level 4 of the Shoals
 25301 | Shoals:4 | Identified the serpent talisman "Ymajigot" {Str+2}
 25301 | Shoals:4 | Noticed Aizul
 25307 | Shoals:4 | Killed Aizul
 25320 | Shoals:4 | Reached skill level 6 in Evocations
 25333 | Shoals:4 | Reached XP level 18. HP: 146/146 MP: 24/24
 25378 | Shoals:4 | Noticed a kraken
 25388 | Shoals:4 | Killed a kraken
 25389 | Shoals:4 | Reached skill level 7 in Evocations
 25470 | Shoals:4 | You add the spells Dazzling Flash and Sigil of Binding to
                  | your library.
 25524 | Shoals:4 | Reached skill level 8 in Evocations
 25555 | Shoals:4 | You add the spells Poisonous Vapours and Conjure Ball
                  | Lightning to your library.
 25688 | Shoals:4 | Received a gift from Okawaru
 25913 | Shoals:4 | Got a barnacled rune of Zot
 25947 | Shoals:4 | Noticed Louise
 25953 | Shoals:4 | Killed Louise
 25956 | Shoals:4 | Noticed Nikola
 25971 | Shoals:4 | Killed Nikola
 26432 | Spider:1 | Entered Level 1 of the Spider Nest
 26442 | Spider:1 | Received a gift from Okawaru
 26456 | Spider:1 | Noticed Kirke
 26468 | Spider:1 | Killed Kirke
 26469 | Spider:1 | Reached skill level 15 in Fighting
 26469 | Spider:1 | Reached skill level 15 in Dodging
 26902 | Spider:1 | You pick up a book of Alchemy and begin reading...
 27131 | Spider:1 | Identified the +0 leather armour of Complete Protection
                  | {Dex+4}
 27154 | Spider:1 | Identified the +8 short sword "Ygaimuefo" {flame, rElec
                  | rPois rF+ Dex+2}
 27243 | Spider:2 | Reached XP level 19. HP: 156/156 MP: 25/25
 27810 | Spider:2 | Reached skill level 16 in Fighting
 27987 | Spider:3 | Reached skill level 16 in Dodging
 28109 | Spider:3 | Identified the +0 robe of Aggec {Rampage rPois rC- rCorr}
 28136 | Spider:3 | Received a gift from Okawaru
 28832 | Spider:4 | Entered Level 4 of the Spider Nest
 28940 | Spider:4 | Received a gift from Okawaru
 29093 | Spider:4 | Reached skill level 17 in Fighting
 29095 | Spider:4 | Reached skill level 17 in Dodging
 29297 | Spider:4 | You pick up a book of Flames and begin reading...
 29483 | Spider:4 | Reached XP level 20. HP: 168/168 MP: 7/26
 29593 | Spider:4 | Received a gift from Okawaru
 29685 | Spider:4 | Got a gossamer rune of Zot
 29782 | Spider:4 | You pick up a book of Fire and begin reading...
 29782 | Spider:4 | You add the spells Foxfire, Plasma Beam and Starburst to
                  | your library.
 30158 | Desolati | Identified the "Fow Zugg"
 30158 | Desolati | Identified the "Duekip"
 30158 | Vaults:1 | Entered Level 1 of the Vaults
 30176 | Vaults:1 | Found a crumbling gateway.
 30183 | Desolati | Entered the Desolation of Salt
 30368 | Desolati | Reached skill level 18 in Fighting
 30368 | Desolati | Reached skill level 18 in Dodging
 30419 | Desolati | Identified the +1 plate armour of Coiheted {Str+4 SInv}
 30422 | Desolati | Identified the amulet of Light {Spirit rElec}
 30428 | Desolati | You pick up a book of Air and begin reading...
 30437 | Desolati | Identified the amulet of the Serpent {Acrobat Regen+}
 30604 | Desolati | Received a gift from Okawaru
 30614 | Desolati | Reached skill level 9 in Armour
 30660 | Desolati | Found the ring of Shadows {Umbra +Inv Stlth+}
 30662 | Desolati | You pick up a book of the Hunter and begin reading...
 30662 | Desolati | You add the spells Dimensional Bullseye and Leda's
                  | Liquefaction to your library.
 30663 | Desolati | Identified the +1 ring mail of the True Pharaoh {rF+ Str+4
                  | Int-5}
 30675 | Desolati | Identified the +5 war axe "Civerosi" {spect, Fly Dex+5
                  | Stlth+}
 30840 | Desolati | Reached skill level 10 in Armour
 30851 | Desolati | Identified the ring of Anualawk {rElec rPois rC- rCorr
                  | Str-2}
 31209 | Vaults:1 | Identified the ring of the Greedy {Fly rPois rN+}
 31234 | Vaults:1 | Received a gift from Okawaru
 31949 | Vaults:1 | Reached XP level 21. HP: 177/177 MP: 27/27
 31968 | Vaults:1 | Reached skill level 21 in Ranged Weapons
 32169 | Vaults:2 | Received a gift from Okawaru
 32828 | Vaults:2 | Found a staircase to the Crypt.
 32919 | Vaults:2 | Reached skill level 22 in Ranged Weapons
 33003 | Vaults:2 | Found Miv Kese's Armour Emporium.
 33104 | Vaults:2 | Received a gift from Okawaru
 33205 | Vaults:2 | You pick up a book of Weapons and begin reading...
 33668 | Vaults:3 | Received a gift from Okawaru
 34061 | Vaults:3 | Reached XP level 22. HP: 186/186 MP: 28/28
 34075 | Vaults:3 | Reached skill level 19 in Fighting
 34086 | Vaults:3 | Reached skill level 19 in Dodging
 34275 | Vaults:3 | Found Ravib's Weapon Emporium.
 34423 | Vaults:3 | Received a gift from Okawaru
 34661 | Vaults:3 | Identified the ring of Agux {rC+ Int+6 Dex+2}
 34668 | Vaults:3 | Identified the +2 ring mail "Ezuqei" {+Blink}
 34694 | Vaults:3 | Identified the +2 pair of gloves "Nanihic" {MP+9 Slay+2
                  | Stlth+}
 34809 | Vaults:3 | Learned a level 4 spell: Dimensional Bullseye
 34856 | Vaults:4 | Identified the of Wouw Gus
 35027 | Vaults:4 | Noticed Norris
 35046 | Vaults:4 | Killed Norris
 35046 | Vaults:4 | Received a gift from Okawaru
 35119 | Vaults:4 | Found Zoenwaip's Antique Weapon Shoppe.
 35425 | Vaults:4 | Reached skill level 20 in Dodging
 35430 | Vaults:4 | Reached skill level 20 in Fighting
 35457 | Vaults:4 | Reached skill level 1 in Translocations
 35476 | Vaults:4 | Reached skill level 1 in Hexes
 35479 | Vaults:4 | Reached skill level 1 in Spellcasting
 35562 | Vaults:4 | Received a gift from Okawaru
 35726 | Vaults:4 | Reached skill level 2 in Hexes
 35726 | Vaults:4 | Reached skill level 2 in Translocations
 35753 | Vaults:4 | Reached skill level 2 in Spellcasting
 36182 | Vaults:5 | Identified the of Pisu
 36182 | Depths:3 | Identified the "Qouq Yrph"
 36182 | Elf:1    | Entered Level 1 of the Elven Halls
 36200 | Elf:1    | Reached skill level 3 in Hexes
 36200 | Elf:1    | Reached skill level 3 in Translocations
 36252 | Elf:1    | Reached skill level 3 in Spellcasting
 36325 | Elf:1    | Reached XP level 23. HP: 196/196 MP: 29/29
 36413 | Elf:1    | Reached skill level 4 in Hexes
 36413 | Elf:1    | Reached skill level 4 in Translocations
 36417 | Elf:1    | Received a gift from Okawaru
 36524 | Elf:1    | Found a shimmering blue altar of Sif Muna.
 36572 | Elf:1    | You pick up a book of Dreams and begin reading...
 36646 | Elf:1    | Reached skill level 4 in Spellcasting
 36731 | Elf:1    | Reached skill level 5 in Translocations
 36735 | Elf:1    | Reached skill level 5 in Hexes
 37075 | Elf:2    | Found Mesoufye's Jewellery Emporium.
 37205 | Elf:2    | Reached skill level 6 in Hexes
 37205 | Elf:2    | Reached skill level 6 in Translocations
 37290 | Elf:2    | Learned a level 2 spell: Blink
 37292 | Elf:2    | Learned a level 1 spell: Apportation
 37297 | Elf:2    | Learned a level 4 spell: Passage of Golubria
 37302 | Elf:2    | Received a gift from Okawaru
 37496 | Elf:2    | Found a runed translucent gate.
 37496 | Elf:2    | Found a runed translucent gate.
 37498 | Elf:2    | Found a runed translucent gate.
 37546 | Elf:3    | Entered Level 3 of the Elven Halls
 38113 | Elf:3    | Reached skill level 7 in Hexes
 38113 | Elf:3    | Reached skill level 7 in Translocations
 38184 | Elf:3    | Noticed Bai Suzhen
 38192 | Elf:3    | Killed Bai Suzhen
 38198 | Elf:3    | Reached skill level 8 in Hexes
 38198 | Elf:3    | Reached skill level 8 in Translocations
 38202 | Elf:3    | Received a gift from Okawaru
 38273 | Elf:3    | Identified the +9 hand axe of Strategic Superiority {flame,
                  | rF+}
 38338 | Elf:3    | Identified the ring "Reylaal" {rElec rF+ EV+5 Str+3 Int+3}
 38363 | Elf:3    | Identified the +1 battleaxe of Pivu {drain, rC+ MP+9}
 38375 | Elf:3    | Identified the ring of Pukk {rElec rC+ Int+6 Slay+2 SInv}
 38396 | Elf:3    | You pick up a book of Spectacle and begin reading...
 38396 | Elf:3    | You add the spells Volatile Blastmotes and Maxwell's
                  | Capacitive Coupling to your library.
 38403 | Elf:3    | You pick up a book of Fire and begin reading...
 38404 | Elf:3    | Identified the +4 shadow dragon scales of Privacy {rC+
                  | rCorr Str+5 Dex-2 Stlth++++}
 38405 | Elf:3    | x - the +4 shadow dragon scales of Privacy {rC+ rCorr Str+5
                  | Dex-2 Stlth++++, rare}
 38407 | Elf:3    | You pick up a book of the Earth and begin reading...
 38407 | Elf:3    | You add the spells Lee's Rapid Deconstruction and Bombard
                  | to your library.
 38408 | Elf:3    | Identified the staff "Beastbane" {rC+ Str+3 Ice}
 38414 | Elf:3    | You pick up a book of Death and begin reading...
 38420 | Elf:3    | You pick up a book of the Dragon and begin reading...
 38420 | Elf:3    | You add the spells Cause Fear and Fireball to your library.
 38423 | Elf:3    | You pick up a book of Callings and begin reading...
 38426 | Elf:3    | a deep elf sorcerer comes into view. It is wielding a +1
                  | halberd of protection and wearing the necklace of Bloodlust
                  | {Fury *Rage Will++ Int-3 Slay+6}.
 38738 | Elf:3    | You finish putting on the +4 shadow dragon scales of
                  | Privacy {rC+ rCorr Str+5 Dex-2 Stlth++++, rare}.
 38743 | Elf:3    | You finish taking off the +4 shadow dragon scales of
                  | Privacy {rC+ rCorr Str+5 Dex-2 Stlth++++, rare}.
 38748 | Elf:3    | You drop the +4 shadow dragon scales of Privacy {rC+ rCorr
                  | Str+5 Dex-2 Stlth++++, rare}.
 38996 | Depths:1 | Entered Level 1 of the Depths
 39069 | Depths:1 | Found a gateway to Hell.
 39123 | Depths:1 | Received a gift from Okawaru
 39163 | Depths:1 | Found Kici's Tiny Tomes.
 39176 | Depths:1 | Reached XP level 24. HP: 205/205 MP: 29/29
 39570 | Depths:1 | Found an ornate altar of the Wu Jian Council.
 39789 | Depths:1 | Found a stormy altar of Qazlal.
 39995 | Depths:1 | Found a one-way gate to the infinite horrors of the Abyss.
 40127 | Depths:1 | magus.rc [v1.9.6]
 40146 | Depths:2 | Found a one-way gate leading to the halls of Pandemonium.
 40204 | Depths:2 | Received a gift from Okawaru
 40231 | Depths:2 | Found a hide-covered altar of Uskayaw.
 40293 | Depths:2 | Noticed a juggernaut
 40302 | Depths:2 | Killed a juggernaut
 40313 | Depths:2 | Reached skill level 21 in Fighting
 40313 | Depths:2 | Reached skill level 21 in Dodging
 40606 | Depths:2 | You pick up a book of Hexes and begin reading...
 40650 | Depths:2 | You pick up a book of the Wilderness and begin reading...
 40656 | Depths:2 | the Enchantress comes into view. She is wielding a +0 flail
                  | of draining, wearing the +1 faerie dragon scales {rElec
                  | Regen+ rCorr Str-2 Int+3} and wearing a +1 buckler of
                  | protection.
 40656 | Depths:2 | Noticed the Enchantress
 40820 | Depths:2 | Aim: the Enchantress, wielding a +0 flail of draining,
                  | wearing the +1 faerie dragon scales {rElec Regen+ rCorr
                  | Str-2 Int+3}, wearing a +1 buckler of protection and
                  | quivering stones (fast, repelling missiles)
 40820 | Depths:2 | Aim: the Enchantress, wielding a +0 flail of draining,
                  | wearing the +1 faerie dragon scales {rElec Regen+ rCorr
                  | Str-2 Int+3}, wearing a +1 buckler of protection and
                  | quivering stones (fast, repelling missiles)
 40821 | Depths:2 | Aim: the Enchantress, wielding a +0 flail of draining,
                  | wearing the +1 faerie dragon scales {rElec Regen+ rCorr
                  | Str-2 Int+3}, wearing a +1 buckler of protection and
                  | quivering stones (fast, repelling missiles, targeted by
                  | your dimensional bullseye, 22% to hit)
 40821 | Depths:2 | Aim: the Enchantress, wielding a +0 flail of draining,
                  | wearing the +1 faerie dragon scales {rElec Regen+ rCorr
                  | Str-2 Int+3}, wearing a +1 buckler of protection and
                  | quivering stones (fast, repelling missiles, targeted by
                  | your dimensional bullseye, 22% to hit)
 40822 | Depths:2 | Aim: the Enchantress, wielding a +0 flail of draining,
                  | wearing the +1 faerie dragon scales {rElec Regen+ rCorr
                  | Str-2 Int+3}, wearing a +1 buckler of protection and
                  | quivering stones (fast, repelling missiles, targeted by
                  | your dimensional bullseye, 22% to hit)
 40822 | Depths:2 | Aim: the Enchantress, wielding a +0 flail of draining,
                  | wearing the +1 faerie dragon scales {rElec Regen+ rCorr
                  | Str-2 Int+3}, wearing a +1 buckler of protection and
                  | quivering stones (fast, repelling missiles, targeted by
                  | your dimensional bullseye, 22% to hit)
 40830 | Depths:2 | Aim: the Enchantress, wielding a +0 flail of draining,
                  | wearing the +1 faerie dragon scales {rElec Regen+ rCorr
                  | Str-2 Int+3}, wearing a +1 buckler of protection and
                  | quivering stones (severely wounded, fast, repelling
                  | missiles, targeted by your dimensional bullseye, 22% to
                  | hit)
 40830 | Depths:2 | Aim: the Enchantress, wielding a +0 flail of draining,
                  | wearing the +1 faerie dragon scales {rElec Regen+ rCorr
                  | Str-2 Int+3}, wearing a +1 buckler of protection and
                  | quivering stones (severely wounded, fast, repelling
                  | missiles, targeted by your dimensional bullseye, 22% to
                  | hit)
 40831 | Depths:2 | Aim: the Enchantress, wielding a +0 flail of draining,
                  | wearing the +1 faerie dragon scales {rElec Regen+ rCorr
                  | Str-2 Int+3}, wearing a +1 buckler of protection and
                  | quivering stones (severely wounded, fast, repelling
                  | missiles, targeted by your dimensional bullseye, 22% to
                  | hit)
 40831 | Depths:2 | Aim: the Enchantress, wielding a +0 flail of draining,
                  | wearing the +1 faerie dragon scales {rElec Regen+ rCorr
                  | Str-2 Int+3}, wearing a +1 buckler of protection and
                  | quivering stones (severely wounded, fast, repelling
                  | missiles, targeted by your dimensional bullseye, 22% to
                  | hit)
 40832 | Depths:2 | Aim: the Enchantress, wielding a +0 flail of draining,
                  | wearing the +1 faerie dragon scales {rElec Regen+ rCorr
                  | Str-2 Int+3}, wearing a +1 buckler of protection and
                  | quivering stones (severely wounded, fast, repelling
                  | missiles, targeted by your dimensional bullseye, 22% to
                  | hit)
 40832 | Depths:2 | Aim: the Enchantress, wielding a +0 flail of draining,
                  | wearing the +1 faerie dragon scales {rElec Regen+ rCorr
                  | Str-2 Int+3}, wearing a +1 buckler of protection and
                  | quivering stones (severely wounded, fast, repelling
                  | missiles, targeted by your dimensional bullseye, 22% to
                  | hit)
 40833 | Depths:2 | Aim: the Enchantress, wielding a +0 flail of draining,
                  | wearing the +1 faerie dragon scales {rElec Regen+ rCorr
                  | Str-2 Int+3}, wearing a +1 buckler of protection and
                  | quivering stones (severely wounded, fast, repelling
                  | missiles, targeted by your dimensional bullseye, 22% to
                  | hit)
 40833 | Depths:2 | Aim: the Enchantress, wielding a +0 flail of draining,
                  | wearing the +1 faerie dragon scales {rElec Regen+ rCorr
                  | Str-2 Int+3}, wearing a +1 buckler of protection and
                  | quivering stones (severely wounded, fast, repelling
                  | missiles, targeted by your dimensional bullseye, 22% to
                  | hit)
 40834 | Depths:2 | Aim: the Enchantress, wielding a +0 flail of draining,
                  | wearing the +1 faerie dragon scales {rElec Regen+ rCorr
                  | Str-2 Int+3}, wearing a +1 buckler of protection and
                  | quivering stones (severely wounded, fast, repelling
                  | missiles, targeted by your dimensional bullseye, 22% to
                  | hit)
 40834 | Depths:2 | Aim: the Enchantress, wielding a +0 flail of draining,
                  | wearing the +1 faerie dragon scales {rElec Regen+ rCorr
                  | Str-2 Int+3}, wearing a +1 buckler of protection and
                  | quivering stones (severely wounded, fast, repelling
                  | missiles, targeted by your dimensional bullseye, 22% to
                  | hit)
 40834 | Depths:2 | Killed the Enchantress
 40994 | Depths:2 | Received a gift from Okawaru
 41038 | Depths:2 | Acquired the +1 helmet "Deats" {MP-9 Str+3 Dex+3}
 41915 | Depths:3 | Identified the ring "Osug" {rC+ rN+ Stlth+}
 42231 | Depths:3 | Identified the +1 robe of a Billion Blessings {Drain rN+
                  | SInv}
 42236 | Depths:3 | Reached XP level 25. HP: 216/216 MP: 23/29
 42240 | Depths:3 | Received a gift from Okawaru
 42256 | Depths:3 | Reached skill level 22 in Fighting
 42256 | Depths:3 | Reached skill level 22 in Dodging
 42324 | Depths:3 | Noticed a juggernaut
 42542 | Depths:3 | Identified +0 gold dragon scales
 42544 | Depths:3 | +0 gold dragon scales {rare}; a golden dragon corpse
 42708 | Depths:3 | Reached skill level 11 in Armour
 42722 | Depths:3 | You pick up a book of Necromancy and begin reading...
 42722 | Depths:3 | You add the spells Necrotise, Vampiric Draining and Agony
                  | to your library.
 42782 | Depths:3 | +0 gold dragon scales {rare}; a golden dragon skeleton
 42854 | Depths:3 | Killed a juggernaut
 42946 | Depths:3 | Identified +0 gold dragon scales
 42954 | Depths:3 | Reached skill level 12 in Armour
 43013 | Depths:3 | Noticed a juggernaut
 43118 | Depths:3 | You pick up a book of Scorching and begin reading...
 43146 | Depths:3 | Found the dreamshard necklace {Acrobat *Dream}
 43308 | Depths:4 | Entered Level 4 of the Depths
 43335 | Depths:4 | Received a gift from Okawaru
 43478 | Depths:4 | Found a sparkling altar of Nemelex Xobeh.
 43498 | Depths:4 | Reached skill level 13 in Armour
 43499 | Depths:4 | Noticed a caustic shrike
 43520 | Depths:4 | Killed a caustic shrike
 43683 | Depths:4 | Reached skill level 14 in Armour
 43704 | Depths:4 | Found a gate to the Realm of Zot.
 43896 | Depths:4 | Identified the +1 dagger "Corairpheara" {pain, rF+}
 44104 | Depths:4 | Reached skill level 15 in Armour
 44149 | Depths:4 | Noticed a caustic shrike
 44149 | Depths:4 | Noticed a caustic shrike
 44152 | Depths:4 | Noticed a caustic shrike
 44154 | Depths:4 | Noticed a caustic shrike
 44158 | Depths:4 | Noticed a caustic shrike
 44163 | Depths:4 | Killed a caustic shrike
 44166 | Depths:4 | Killed a caustic shrike
 44170 | Depths:4 | Killed a caustic shrike
 44170 | Depths:4 | Received a gift from Okawaru
 44177 | Depths:4 | Killed a caustic shrike
 44182 | Depths:4 | Killed a caustic shrike
 44183 | Depths:4 | Reached XP level 26. HP: 176/224 MP: 15/29
 44830 | Vaults:4 | magus.rc [v1.9.6]
 44841 | Vaults:5 | Entered Level 5 of the Vaults
 44921 | Vaults:5 | Reached skill level 16 in Armour
 45003 | Vaults:5 | Noticed an ancient lich
 45007 | Vaults:5 | Killed an ancient lich
 45046 | Vaults:5 | +0 storm dragon scales {rare}; a storm dragon corpse
 45050 | Vaults:5 | Reached skill level 17 in Armour
 45066 | Vaults:5 | Noticed a dread lich
 45070 | Vaults:5 | Killed a dread lich
 45098 | Vaults:5 | Received a gift from Okawaru
 45172 | Vaults:5 | 2 silver javelins {throwing}; +0 storm dragon scales
                  | {rare}; a storm dragon corpse
 45201 | Vaults:5 | Reached skill level 18 in Armour
 45286 | Vaults:5 | You pick up a book of Party Tricks and begin reading...
 45558 | Vaults:5 | Received a gift from Okawaru
 45575 | Vaults:5 | Acquired 821 gold pieces
 45578 | Vaults:5 | Acquired a manual of Stealth
 45610 | Vaults:5 | You pick up a book of Debilitation and begin reading...
 45733 | Vaults:5 | Reached skill level 9 in Stealth
 45755 | Vaults:5 | quicksilver dragon scales {rare}; a quicksilver dragon
                  | corpse
 45758 | Vaults:5 | a - quicksilver dragon scales {rare}
 45774 | Vaults:5 | You add the spells Vhi's Electric Charge and Arcjolt to
                  | your library.
 45783 | Vaults:5 | You pick up a book of Fire and begin reading...
 45785 | Vaults:5 | Got a silver rune of Zot
 45837 | Vaults:5 | Noticed a dread lich
 45843 | Vaults:5 | Killed a dread lich
 45844 | Vaults:5 | Reached skill level 19 in Armour
 45844 | Vaults:5 | Reached skill level 10 in Stealth
 45929 | Vaults:5 | You pick up a book of Storms and begin reading...
 46069 | Vaults:5 | Reached skill level 11 in Stealth
 46129 | Vaults:5 | You pick up a book of Unlife and begin reading...
 46160 | Vaults:5 | +0 shadow dragon scales {rare}; a shadow dragon corpse
 46215 | Vaults:5 | +0 shadow dragon scales {rare}; a shadow dragon corpse
 46522 | Zot:1    | Entered Level 1 of the Realm of Zot
 46530 | Zot:1    | Reached skill level 12 in Stealth
 46544 | Zot:1    | Reached XP level 27. HP: 231/231 MP: 20/29
 46695 | Zot:1    | Reached skill level 13 in Stealth
 47072 | Zot:2    | Received a gift from Okawaru
 47088 | Zot:2    | Noticed a curse toe
 47094 | Zot:2    | Killed a curse toe
 47130 | Zot:3    | Reached skill level 14 in Stealth
 47226 | Zot:5    | Entered Level 5 of the Realm of Zot
 47231 | Zot:5    | Reached skill level 15 in Stealth
 47537 | Zot:5    | Reached skill level 16 in Stealth
 47798 | Zot:5    | Reached skill level 9 in Invocations
 48083 | Zot:5    | magus.rc [v1.9.6]
 48092 | Zot:5    | Received a gift from Okawaru
 48118 | Zot:5    | Noticed a dread lich
 48129 | Zot:5    | Killed a dread lich
 48130 | Zot:5    | Reached skill level 10 in Invocations
 48144 | Zot:5    | Noticed a Killer Klown
 48145 | Zot:5    | Noticed an electric golem
 48149 | Zot:5    | Killed a Killer Klown
 48151 | Zot:5    | Noticed an ancient lich
 48153 | Zot:5    | Noticed an orb of fire
 48156 | Zot:5    | Noticed a Killer Klown
 48160 | Zot:5    | Noticed an orb of fire
 48160 | Zot:5    | Noticed a Killer Klown
 48163 | Zot:5    | Killed an orb of fire
 48164 | Zot:5    | Reached skill level 11 in Invocations
 48164 | Zot:5    | Noticed a Killer Klown
 48167 | Zot:5    | Killed an electric golem
 48169 | Zot:5    | Killed an ancient lich
 48173 | Zot:5    | Killed an orb of fire
 48174 | Zot:5    | Reached skill level 12 in Invocations
 48175 | Zot:5    | Killed a Killer Klown
 48178 | Zot:5    | Noticed an orb of fire
 48181 | Zot:5    | Killed a Killer Klown
 48186 | Zot:5    | Received a gift from Okawaru
 48186 | Zot:5    | Killed an orb of fire
 48193 | Zot:5    | Killed a Killer Klown
 48199 | Zot:5    | Reached skill level 13 in Invocations
 48201 | Zot:5    | Noticed a curse toe
 48206 | Zot:5    | Killed a curse toe
 48269 | Zot:5    | Reached skill level 14 in Invocations
 48280 | Zot:5    | Got the Orb of Zot
 48406 | Zot:4    | Received a gift from Okawaru
 48465 | Zot:1    | Gained mutation: You are frail. (-10% HP) [a cacodemon]
 48465 | Zot:1    | Noticed Tupiyqy the pandemonium lord
 48498 | Depths:4 | Noticed Hoesaesh the pandemonium lord
 48509 | Depths:4 | Reached skill level 15 in Invocations
 48510 | Depths:4 | Killed Hoesaesh the pandemonium lord
 48742 | D:6      | Noticed Nerchue the pandemonium lord
 48760 | D:6      | Killed Nerchue the pandemonium lord
 48868 | D:$      | Escaped with the Orb!

Vanquished Creatures
  3 dread liches
  3 orbs of fire (Zot:5)
  2 ancient liches
  2 pandemonium lords
  2 juggernauts
  4 Killer Klowns (Zot:5)
  Bai Suzhen (Elf:3)
  2 curse toes
  Nikola (Shoals:4)
  6 caustic shrikes (Depths:4)
  5 golden dragons
  the Enchantress (Depths:2)
  Norris (Vaults:4)
  A bone dragon (Depths:4)
  An electric golem (Zot:5)
  A Hell Sentinel (D:11)
  Jorgrun (Shoals:3)
  5 liches
  25 Orb Guardians
  2 walking earthen tomes
  A walking frostbound tome (Depths:4)
  6 tentacled monstrosities
  A deep elf blademaster (Elf:3)
  A walking crystal tome (Depths:3)
  2 quicksilver dragons
  5 titans
  A deep elf master archer (Elf:3)
  2 walking divine tomes
  7 sphinxes
  A death cob (Zot:1)
  A kraken (Shoals:4)
  4 tengu reavers
  Kirke (Spider:1)
  11 storm dragons
  10 shadow dragons
  Aizul (Shoals:4)
  2 draconian knights
  10 deep elf sorcerers
  2 iron dragons
  14 frost giants
  5 fire giants
  2 draconian scorchers
  10 deep elf elementalists
  Louise (Shoals:4)
  A balrug (D:6)
  18 vault wardens
  6 emperor scorpions (Spider:4)
  7 ghost moths
  17 very ugly things
  An imperial myrmidon (Desolation)
  2 cacodemons
  2 draconian shifters
  4 orc warlords
  4 spectral caustic shrikes (Depths:4)
  A draconian annihilator (Depths:4)
  3 draconian stormcallers
  5 spriggan defenders
  4 broodmothers
  22 ironbound preservers
  4 war gargoyles
  A reaper (Zot:5)
  14 stone giants
  4 green draconians
  5 deep elf demonologists
  8 ironbound thunderhulks
  2 vampire knights
  12 deep elf annihilators
  A black draconian (Zot:1)
  10 purple draconians
  5 yellow draconians
  A minotaur (Gauntlet)
  7 spark wasps
  2 halazid warlocks (Desolation)
  7 dire elephants
  6 white draconians
  5 deep elf death magi
  4 red draconians
  2 blizzard demons
  15 ettins
  8 merfolk javelineers
  An eidolon (Vaults:2)
  11 fire dragons
  A fire dragon (shapeshifter) (Vaults:3)
  6 ragged hierophants (Desolation)
  8 deep elf high priests
  10 merfolk impalers
  6 yaktaur captains
  A rakshasa (Depths:3)
  5 entropy weavers
  36 vault guards
  3 crystal guardians (Desolation)
  7 peacekeepers
  3 servants of whispers (Desolation)
  Josephine (Orc:2)
  6 hydras
  3 great orbs of eyes
  The ghost of Crescendo the Fighter, a journeyman DsMo of Wu Jian (Lair:1)
  5 catoblepae
  4 spriggan air magi (Depths:2)
  Erolcha (D:11)
  8 ice dragons
  2 jorogumos
  A radroach (Spider:2)
  A hell beast (Depths:4)
  2 alligator snapping turtles
  3 boulder beetles
  3 ogre magi
  12 centaur warriors
  7 merfolk avatars
  2 death knights (D:14)
  A merfolk aquamancer (Shoals:4)
  12 ironbound frosthearts
  6 two-headed ogres
  10 death yaks
  9 deep troll shamans
  4 satyrs
  2 tengu warriors
  19 dancing weapons
  11 deep troll earth magi
  10 demonic crawlers
  3 vampire magi
  6 hell knights
  3 orc high priests
  5 spriggan berserkers
  3 occultists
  A sun demon (Zot:5)
  A storm dragon zombie (D:15)
  2 fire crabs (shapeshifter)
  4 iron trolls
  8 deep elf knights
  3 skysharks
  5 skeletal warriors
  6 pharaoh ants
  5 sixfirhies
  A storm dragon skeleton (D:15)
  4 glowing orange brains
  11 sea snakes
  2 sun moths
  14 orb spiders
  2 flayed ghosts
  A lindwurm (shapeshifter) (Elf:1)
  8 deep elf archers
  72 deep trolls
  2 tengu zombies (Vaults:4)
  19 ironbound convokers
  10 arcanists
  4 phantasmal warriors
  10 orc knights
  3 steelbarb worms
  6 lindwurms
  16 harpies
  An orange crystal statue (Zot:5)
  38 deep elf pyromancers
  18 deep elf zephyrmancers
  A cyclops (shapeshifter) (Vaults:5)
  32 wolf spiders
  7 necromancers
  6 orc sorcerers (Orc:2)
  38 ugly things
  A wolf spider (shapeshifter) (Vaults:5)
  2 mana vipers (shapeshifter)
  8 cyclopes
  17 fauns
  14 manticores
  A shining eye (shapeshifter) (Vaults:5)
  A moth of wrath (shapeshifter) (Vaults:1)
  22 moths of wrath
  9 elephants
  4 guardian serpents
  A black mamba (shapeshifter) (Vaults:5)
  An elephant (shapeshifter) (Vaults:4)
  2 ice statues
  9 torpor snails
  A rust devil (D:6)
  5 black mambas
  8 merfolk sirens
  An orange demon (D:6)
  15 vault sentinels
  7 water nymphs
  2 gargoyles
  13 cane toads
  An elf skeleton (Vaults:4)
  18 rime drakes
  Maggie (Lair:1)
  3 unseen horrors
  2 hellions
  4 komodo dragons
  Jeremiah (D:6)
  5 tengu conjurers
  An efreet (D:14)
  4 freezing wraiths
  25 yaktaurs
  3 ice devils
  A human skeleton (Vaults:4)
  A queen bee (Lair:2)
  7 trolls
  23 merfolk
  3 red devils
  A tyrant leech (shapeshifter) (Vaults:5)
  7 hornets
  5 wind drakes
  4 meliai (Depths:3)
  42 saltlings (Desolation)
  7 polar bears
  Prince Ribbit (D:7)
  A human simulacrum (Vaults:4)
  7 snapping turtles
  12 dream sheep
  A glass eye (Depths:2)
  29 tarantellas
  13 blink frogs
  A raiju (shapeshifter) (D:14)
  27 slime creatures
  A snapping turtle (shapeshifter) (Depths:3)
  An ettin zombie (Vaults:4)
  37 jumping spiders
  3 air elementals
  3 spriggans (Depths:2)
  31 culicivoras
  An ettin skeleton (Vaults:4)
  A shadow (D:11)
  A centaur simulacrum (D:14)
  A spriggan (shapeshifter) (Vaults:5)
  10 wraiths
  A ynoxinul (Depths:2)
  21 water elementals
  15 wyverns
  3 humans (Spider:1)
  3 basilisks (Lair:3)
  46 yaks
  A golden eye (D:1)
  A basilisk (shapeshifter) (Depths:3)
  59 redbacks
  3 fire elementals
  4 hogs (Spider:1)
  3 steam dragons
  8 vampire mosquitoes
  A neqoxec (Zot:5)
  4 wargs
  2 acid dragons
  21 water moccasins
  10 hell hounds
  39 orc warriors
  5 boggarts
  An ice beast (D:7)
  A black bear (Lair:1)
  2 hornet zombies (D:8)
  2 sky beasts
  13 ogres
  5 centaurs
  15 wolves
  A phantom (D:6)
  8 bullfrogs
  3 kobold brigands
  3 gnoll sergeants
  7 scorpions
  3 necrophages (D:8)
  2 earth elementals
  A wyvern zombie (D:8)
  6 wights
  30 killer bees
  3 howler monkeys (D:9)
  8 electric eels
  5 hounds
  14 orc priests
  2 gnoll boudas
  4 jellies
  9 iguanas
  18 orc wizards
  3 sleepcaps
  A hell rat (D:9)
  A statue (D:4)
  A howler monkey zombie (D:8)
  9 adders
  A river rat (D:9)
  30 gnolls
  A white imp (D:3)
  An ufetubus (D:5)
  A worm (D:4)
  A worm (shapeshifter) (D:15)
  2 dart slugs
  74 orcs
  12 endoplasms
  7 giant cockroaches
  8 goblins
  3 hobgoblins
  3 jackals (D:2)
  24 kobolds
  8 quokkas
  11 ball pythons
  4 bats
  9 frilled lizards
  8 rats
2149 creatures vanquished.

Vanquished Creatures (others)
  An emperor scorpion (Spider:4)
  A peacekeeper (Desolation)
  2 orc wizards
  An orc (D:5)
5 creatures vanquished.

Grand Total: 2154 creatures vanquished

Table legend:
 A = Non-vault XP
 B = Vault XP
 C = Vault XP percentage of total XP
 D = Non-vault monster count
 E = Vault monster count
 F = Vault count percentage of total count
                 A         B        C        D         E       F
            +---------+---------+-------+---------+---------+-------
      Total |  580350 |  621755 |  51.7 |    1253 |     863 |  40.8
            +---------+---------+-------+---------+---------+-------
        D:1 |      27 |       7 |  20.6 |      17 |       3 |  15.0
        D:2 |      76 |       0 |   0.0 |      16 |       0 |   0.0
        D:3 |     125 |       0 |   0.0 |      11 |       0 |   0.0
        D:4 |     521 |      46 |   8.1 |      29 |       2 |   6.5
        D:5 |     652 |     274 |  29.6 |      31 |      13 |  29.5
        D:6 |    1360 |     365 |  21.2 |      22 |       1 |   4.3
        D:7 |    1406 |     268 |  16.0 |      29 |       1 |   3.3
        D:8 |    1133 |     611 |  35.0 |      32 |       7 |  17.9
        D:9 |    1907 |    3152 |  62.3 |      29 |      27 |  48.2
       D:10 |    3105 |       0 |   0.0 |      17 |       0 |   0.0
       D:11 |    3895 |     857 |  18.0 |      18 |       1 |   5.3
       D:12 |    3286 |       0 |   0.0 |      25 |       0 |   0.0
       D:13 |    6181 |    6943 |  52.9 |      16 |       8 |  33.3
       D:14 |    8424 |    7218 |  46.1 |      17 |      15 |  46.9
       D:15 |   12422 |    5180 |  29.4 |      28 |       7 |  20.0
     Lair:1 |    3761 |    1447 |  27.8 |      10 |       3 |  23.1
     Lair:2 |    6035 |    1620 |  21.2 |      27 |       9 |  25.0
     Lair:3 |    6553 |    5948 |  47.6 |      21 |      37 |  63.8
     Lair:4 |    7184 |     988 |  12.1 |      22 |       2 |   8.3
     Lair:5 |    4049 |   12463 |  75.5 |      13 |      41 |  75.9
   Shoals:1 |    9028 |       0 |   0.0 |      18 |       0 |   0.0
   Shoals:2 |   15774 |    3547 |  18.4 |      32 |       5 |  13.5
   Shoals:3 |   18586 |    1877 |   9.2 |      35 |       1 |   2.8
   Shoals:4 |   10331 |   29733 |  74.2 |      17 |      44 |  72.1
   Spider:1 |   20804 |    3823 |  15.5 |      58 |      13 |  18.3
   Spider:2 |   15950 |       0 |   0.0 |      39 |       0 |   0.0
   Spider:3 |   18571 |    5745 |  23.6 |      42 |       9 |  17.6
   Spider:4 |   26611 |   21051 |  44.2 |      65 |      41 |  38.7
      Orc:1 |    2984 |     448 |  13.1 |      32 |       2 |   5.9
      Orc:2 |    2164 |    9827 |  82.0 |      13 |      31 |  70.5
      Elf:1 |   29285 |    8105 |  21.7 |      45 |      14 |  23.7
      Elf:2 |   16107 |    2480 |  13.3 |      28 |       3 |   9.7
      Elf:3 |    8354 |   44434 |  84.2 |      18 |      39 |  68.4
   Vaults:1 |   12268 |   20839 |  62.9 |      18 |      31 |  63.3
   Vaults:2 |   30465 |   18824 |  38.2 |      44 |      23 |  34.3
   Vaults:3 |   29105 |   27246 |  48.4 |      42 |      33 |  44.0
   Vaults:4 |   31574 |   27099 |  46.2 |      48 |      33 |  40.7
   Vaults:5 |   22764 |   94748 |  80.6 |      31 |      83 |  72.8
   Depths:1 |   34307 |       0 |   0.0 |      39 |       0 |   0.0
   Depths:2 |   21057 |   32799 |  60.9 |      26 |      28 |  51.9
   Depths:3 |   24867 |   56273 |  69.4 |      37 |      49 |  57.0
   Depths:4 |   43622 |   32036 |  42.3 |      39 |      28 |  41.8
      Zot:1 |   13655 |       0 |   0.0 |      13 |       0 |   0.0
      Zot:2 |    3838 |     512 |  11.8 |       2 |       1 |  33.3
      Zot:3 |   12529 |       0 |   0.0 |      12 |       0 |   0.0
      Zot:4 |    3443 |       0 |   0.0 |       3 |       0 |   0.0
      Zot:5 |   30205 |   83710 |  73.5 |      27 |      40 |  59.7
      Sewer |       0 |     139 | 100.0 |       0 |      23 | 100.0
      IceCv |       0 |   11661 | 100.0 |       0 |      34 | 100.0
 Desolation |       0 |   32969 | 100.0 |       0 |      68 | 100.0
   Gauntlet |       0 |    4443 | 100.0 |       0 |      10 | 100.0
            +---------+---------+-------+---------+---------+-------

Skill      XL: |  1  2  3  4  5  6  7  8  9 10 11 12 13 14 15 16 17 18 19 20 21 22 23 24 25 26 27 |
---------------+----------------------------------------------------------------------------------+-----
Stealth        | 2 8 12 16 | 16.8
Ranged Weapons | 5 6 7 8 10 11 12 15 17 19 20 22 | 22.0
Fighting       | 5 7 9 10 12 14 15 17 18 20 21 22 | 22.0
Dodging        | 6 10 12 14 15 17 18 20 21 22 | 22.0
Invocations    | 5 8 15 | 15.7
Armour         | 5 8 10 15 19 | 19.0
Evocations     | 6 8 |  8.0
Translocations | 3 8 |  8.0
Hexes          | 3 8 |  8.0
Spellcasting   | 3 4 |  4.0

Action                     |  1- 3 |  4- 6 |  7- 9 | 10-12 | 13-15 | 16-18 | 19-21 | 22-24 | 25-27 || total
---------------------------+-------+-------+-------+-------+-------+-------+-------+-------+-------++-------
   Fire: Shortbow          |    69 |   195 |   334 |   385 |       |       |       |       |       ||   983
         Orcbow            |       |       |       |   233 |       |       |       |       |       ||   233
         Longbow           |       |       |       |     6 |   725 |   777 |  1049 |  1090 |  1288 ||  4935
  Throw: Dart              |       |     1 |       |       |       |       |       |       |       ||     1
   Cast: Dimensional Bulls |       |       |       |       |       |       |       |     2 |     3 ||     5
         Blink             |       |       |       |       |       |       |       |     1 |     1 ||     2
 Invoke: Heroism           |       |       |       |     2 |     6 |     8 |     6 |     7 |    14 ||    43
         Finesse           |       |       |       |     1 |    15 |    12 |     7 |    14 |    15 ||    64
         Receive Weapon    |       |       |       |     1 |       |       |       |       |       ||     1
         Receive Armour    |       |       |       |     1 |       |       |       |       |       ||     1
  Evoke: Wand              |     3 |     1 |     4 |     6 |     5 |     2 |     2 |     2 |       ||    25
    Use: Scroll            |       |     3 |     6 |     7 |    19 |    11 |     7 |     5 |     9 ||    67
         Potion            |       |     2 |       |     1 |       |     1 |       |       |     5 ||     9
 Armour: Leather armour    |    20 |    53 |    64 |    48 |     4 |    62 |    88 |    80 |     1 ||   420
         Steam dragon scal |       |       |       |    72 |    50 |       |       |       |       ||   122
         Acid dragon scale |       |       |       |       |       |       |       |       |   115 ||   115
  Dodge: Dodged            |    18 |    47 |    66 |    82 |    86 |   127 |   247 |   217 |   490 ||  1380

Illustrated notes

Table legend:
 A = Kills in this place as a percentage of kills in the entire game.
 B = Kills by you in this place as a percentage of kills by you in the entire game.
 C = Kills by friends in this place as a percentage of kills by friends in the entire game.
 D = Other kills in this place as a percentage of other kills in the entire game.
 E = Experience gained in this place as a percentage of experience gained in the entire game.
 F = Experience gained in this place divided by the number of levels of this place that you have seen.
                   A       B       C       D       E      F
               +-------+-------+-------+-------+-------+----------------------
         Total | 100.0 | 100.0 |   N/A | 100.0 | 100.0 | 24092.7
       Dungeon |  20.3 |  20.3 |   N/A |  50.0 |   6.6 | 5371.9
          Lair |   8.6 |   8.6 |   N/A |   0.0 |   4.1 | 10009.6
        Shoals |   7.1 |   7.1 |   N/A |   0.0 |   7.2 | 22219.0
   Spider Nest |  12.4 |  12.4 |   N/A |  25.0 |   9.2 | 28138.8
  Orcish Mines |   3.6 |   3.6 |   N/A |   0.0 |   1.3 | 7711.5
   Elven Halls |   6.8 |   6.8 |   N/A |   0.0 |   8.9 | 36255.0
        Vaults |  18.0 |  18.0 |   N/A |   0.0 |  25.6 | 62986.4
        Depths |  11.6 |  11.6 |   N/A |   0.0 |  20.4 | 62587.8
           Zot |   5.3 |   5.3 |   N/A |   0.0 |  12.9 | 31597.2
         Sewer |   1.1 |   1.1 |   N/A |   0.0 |   0.0 | 139.0
      Ice Cave |   1.6 |   1.6 |   N/A |   0.0 |   0.9 | 11661.0
    Desolation |   3.2 |   3.1 |   N/A |  25.0 |   2.7 | 32969.0
      Gauntlet |   0.5 |   0.5 |   N/A |   0.0 |   0.4 | 4443.0
               +-------+-------+-------+-------+-------+----------------------

Table legend: (Time is in decaauts)
 A = Elapsed time spent in this place.
 B = Non-inter-level travel time spent in this place.
 C = Inter-level travel time spent in this place.
 D = Time resting spent in this place.
 E = Time spent auto-exploring this place.
 F = Levels seen in this place.
 G = Mean time per level.
                   A        B        C        D        E       F      G
               +--------+--------+--------+--------+--------+-----+--------+
         Total |  46987 |  41172 |   5815 |   3463 |  28782 |  51 |  921.3 |
       Dungeon |  15354 |  12574 |   2780 |   1356 |   8577 |  15 | 1023.6 |
          Lair |   5563 |   4805 |    758 |    422 |   3532 |   5 | 1112.6 |
        Shoals |   3558 |   3218 |    340 |    167 |   2530 |   4 |  889.5 |
   Spider Nest |   3215 |   2980 |    235 |    209 |   2092 |   4 |  803.8 |
  Orcish Mines |   1237 |   1061 |    176 |     92 |    661 |   2 |  618.5 |
   Elven Halls |   2516 |   2331 |    185 |     86 |   1738 |   3 |  838.7 |
        Vaults |   6297 |   5795 |    502 |    415 |   4250 |   5 | 1259.4 |
        Depths |   5578 |   4893 |    685 |    224 |   3727 |   4 | 1394.5 |
           Zot |   1762 |   1611 |    151 |    140 |   1004 |   5 |  352.4 |
         Sewer |    217 |    217 |      0 |      0 |    129 |   1 |  217.0 |
      Ice Cave |    554 |    554 |      0 |    205 |    155 |   1 |  554.0 |
    Desolation |    695 |    695 |      0 |     45 |    288 |   1 |  695.0 |
      Gauntlet |    436 |    436 |      0 |    100 |     98 |   1 |  436.0 |
               +--------+--------+--------+--------+--------+-----+--------+

Top non-repeatable levels by time:
     D:4: 2826 daAuts
Depths:3: 1778 daAuts
     D:6: 1632 daAuts
  Lair:3: 1423 daAuts
Vaults:2: 1369 daAuts
Vaults:1: 1358 daAuts
Vaults:3: 1338 daAuts
  Lair:2: 1330 daAuts
Depths:2: 1309 daAuts
Depths:4: 1245 daAuts
Depths:1: 1244 daAuts
Vaults:5: 1226 daAuts
     D:9: 1201 daAuts
   Elf:3: 1145 daAuts
     D:1: 1141 daAuts
